 Dungeon Crawl Stone Soup version 0.17.0-28-g6e173f8 (webtiles) character file.

305 Raultor the Ruffian (level 6, -4/52 HPs)
             Began as a Ghoul Monk on Nov 23, 2015.
             Was a Believer of Makhleb.
             Slain by a killer bee (6 damage)
             ... on level 4 of the Dungeon.
             The game lasted 00:07:18 (3134 turns).

Raultor the Ruffian (Ghoul Monk)                    Turns: 3134, Time: 00:07:18

Health: -4/52      AC:  5    Str: 17    XL:     6   Next: 39%
Magic:  6/6        EV: 12    Int:  5    God:    Makhleb [**....]
Gold:   132        SH:  0    Dex: 11    Spells: 0 memorised, 5 levels left

rFire  . . .     SeeInvis .       - Unarmed
rCold  + . .     Clarity  .     w - +0 leather armour
rNeg   + + +     SustAt   .     (no shield)
rPois  ∞         Gourm    .     (no helmet)
rElec  .         Spirit   .     d - +0 cloak
rCorr  .         Warding  .     s - +0 pair of gloves
rMut   .         Stasis   .     (no boots)
MR     .....                    (no amulet)
Stlth  +.........               (no ring)
                                j - ring of loudness (curse)

@: rotting, not resistant to hostile enchantments, very unstealthy
A: rotting body, claws 1, carnivore 3, cold resistance 1, negative energy
resistance 3, slow regeneration 1, torment resistance, unbreathing
a: Minor Destruction, Renounce Religion


You were on level 4 of the Dungeon.
You worshipped Makhleb.
Makhleb was pleased with you.
You were not hungry.

You visited 1 branch of the dungeon, and saw 4 of its levels.

You collected 132 gold pieces.

Inventory:

Missiles
 e - a throwing net (quivered)
Armour
 d - a +0 cloak (worn)
 s - a +0 pair of gloves (worn)
 w - a +0 leather armour (worn)
Jewellery
 j - a cursed ring of loudness (left hand)
Scrolls
 f - 6 scrolls of identify {unknown}
 i - a scroll of teleportation {unknown}
 k - a scroll of noise {unknown}
 m - a scroll of blinking {unknown}
 n - a scroll of fear {unknown}
 q - 4 scrolls of remove curse {unknown}
 u - a scroll of amnesia {unknown}
Potions
 a - a potion of magic {unknown}
 c - a potion of ambrosia {unknown}
 h - a potion of curing {unknown}
 o - a potion of haste {unknown}
 p - a potion of agility {unknown}
 r - a potion of might {unknown}
 t - 2 potions of degeneration {unknown}
 x - a potion of resistance {unknown}
 z - a potion of invisibility {unknown}
Comestibles
 g - a slice of pizza
 l - 2 beef jerkies


   Skills:
 + Level 4.2 Fighting
 * Level 1.3 Armour
 - Level 3.6 Dodging
 - Level 2.1 Stealth
 + Level 6.1 Unarmed Combat
 * Level 2.5 Invocations


You had 5 spell levels left.
You didn't know any spells.

Dungeon Overview and Level Annotations

Branches:
Dungeon (4/15)
 Temple: D:4-7

Altars:
Gozag
Kikubaaqudgha
Makhleb
Nemelex Xobeh
Xom
Zin


Innate Abilities, Weirdness & Mutations

Your body is rotting away.
You thrive on raw meat.
You are immune to poison.
You have sharp fingernails.
You are carnivorous and can eat meat at any time.
Your flesh is cold resistant.
You are immune to negative energy.
You regenerate slowly when monsters are visible.
You are immune to unholy pain and torment.
You can survive without breathing.


Message History

You hit the killer bee but do no damage.
The killer bee is lightly wounded.
The killer bee stings you but does no damage.
You miss the killer bee.
The killer bee is lightly wounded.
The killer bee stings you.
* * * LOW HITPOINT WARNING * * *
The killer bee closely misses you.
You miss the killer bee.
The killer bee is lightly wounded.
The killer bee stings you.
* * * LOW HITPOINT WARNING * * *
The killer bee misses you.
You closely miss the killer bee.
The killer bee is lightly wounded.
The killer bee misses you. The killer bee barely misses you.
You hit the killer bee.
The killer bee is lightly wounded.
The killer bee stings you.
You die...

...###...###...##.##'##########..
....#.....#.....#............#...
....#.....#.....#............#...
....#.....'.....#............#...
....#.....#....##....##########..
....#.....#....########.....###..
...###...##....##................
...###...##....##...............(
.>.#..........yy@..........).....
...#...........##...###..##.#####
...#...........########..##.##..#
...#................ #...#......#
...##.......<....... #...#......#
...##....########... #...'......#
.........# #...#......#
...##....# #######...##
...##.<..# ##..###...##


You could see 2 killer bees.

Vanquished Creatures
  A scorpion (D:4)
  2 killer bees (D:4)
  A worker ant (D:4)
  9 adders
  2 river rats (D:3)
  2 giant geckos
  An orc (D:3)
  5 bats
  5 giant cockroaches
  5 hobgoblins
  2 quokkas
  3 ball pythons
  2 giant newts
  4 goblins
  9 kobolds
  A quokka skeleton (D:4)
  5 rats
59 creatures vanquished.

Notes
Turn   | Place    | Note
--------------------------------------------------------------
     0 | D:1      | Raultor the Ghoul Monk began the quest for the Orb.
     0 | D:1      | Reached XP level 1. HP: 19/19 MP: 0/0
   110 | D:1      | Reached XP level 2. HP: 20/26 MP: 1/1
   672 | D:2      | Reached skill level 5 in Unarmed Combat
   771 | D:2      | Reached XP level 3. HP: 31/31 MP: 2/2
   888 | D:2      | Found a sparkling altar of Nemelex Xobeh.
  1527 | D:2      | Found an opulent altar of Gozag.
  1531 | D:2      | Found a shimmering altar of Xom.
  1536 | D:2      | Found an ancient bone altar of Kikubaaqudgha.
  1716 | D:3      | Reached XP level 4. HP: 33/38 MP: 3/3
  1805 | D:3      | Found a burning altar of Makhleb.
  1805 | D:3      | Found a glowing silver altar of Zin.
  1806 | D:3      | Noticed an angel
  1806 | D:3      | Noticed a cacodemon
  1827 | D:3      | Became a worshipper of Makhleb the Destroyer
  1827 | D:3      | Reached * piety under Makhleb
  1827 | D:3      | Reached ** piety under Makhleb
  2388 | D:3      | Reached XP level 5. HP: 42/46 MP: 4/4
  2407 | D:3      | Reached skill level 1 in Invocations
  3117 | D:4      | Reached skill level 1 in Armour
  3117 | D:4      | Reached skill level 6 in Unarmed Combat
  3117 | D:4      | Reached XP level 6. HP: 26/52 MP: 6/6
  3132 | D:4      | HP: 2/52 [killer bee (1)]
  3134 | D:4      | Slain by a killer bee

Action                   |  1- 3 |  4- 6 || total
-------------------------+-------+-------++-------
Melee: Unarmed           |    80 |   166 ||   246
Invok: Minor Destruction |       |     2 ||     2
 Stab: Sleeping          |     2 |       ||     2
  Eat: Chunk             |     9 |    13 ||    22
       Meat ration       |       |     1 ||     1
